Cogmind - Beta 10.2 @@@ ROGUE MODE // 2022.02.23 @ 15:48:50 Player: Conner Result: Destroyed by as-66542 with Assembled Heavy Rifle Performance ------------- Evolutions (1) 500 Regions Visited (3) 600 Robots Destroyed (72) 360 Value Destroyed (1521) 1521 Prototype IDs (8) 160 Alien Tech Used (0) 0 Bonus (8) 8 TOTAL SCORE: 3149 Bonus ------- High Alert Combat Kills 8 Cogmind --------- Core Integrity 0/400 Matter 277/300 Energy 88/100 System Corruption 3% Temperature Cool (0) Movement Rolling (100) Ox2 Location -9/Mines Parts ------- > --- POWER (1) -------- (None) > --- PROPULSION (2) --- Wheel > --- UTILITY (4) ------ Large Storage Unit Improved Sensor Array Hacking Suite > --- WEAPON (2) ------- Improved Assault Rifle Improved Assault Rifle > --- INVENTORY (10) --- Ion Engine Heat Sink Heat Sink Cooling System Large Storage Unit Improved Sensor Array Improved Assault Rifle Peak State ------------ > --- POWER ------------ Improved Ion Engine > --- PROPULSION ------- Armored Wheel Armored Wheel > --- UTILITY ---------- Large Storage Unit Improved Sensor Array Signal Interpreter Hacking Suite > --- WEAPON ----------- Pulse Rifle Improved Assault Rifle > --- INVENTORY -------- Light Ion Engine Armored Wheel Heat Sink Heat Sink Heat Sink Large Storage Unit Heavy Assault Rifle Improved Assault Rifle Improved Assault Rifle Improved Assault Rifle [Rating: 20] Favorites ----------- Power Improved Ion Engine Engine Improved Ion Engine Propulsion Wheel Wheel Wheel Utility Improved Sensor Array Device Improved Sensor Array Storage Large Storage Unit Processor Signal Interpreter Hackware Hacking Suite Protection Hardened Light Armor Plating Weapon Improved Assault Rifle Energy Gun Particle Gun Ballistic Gun Improved Assault Rifle Build | -11 -10 -9 -9 ------- Run | Scr Mat Mat Min Slots Evolved 2 | . . 2 . Power . | . . . . Propulsion . | . . . . Utility 2 | . . 2 . Weapon . | . . . . Parts Attached 54 | 9 12 28 5 Power 11 | 1 5 4 1 Engine 11 | 1 5 4 1 Core . | . . . . Reactor . | . . . . Propulsion 11 | 2 1 6 2 Treads . | . . . . Leg . | . . . . Wheel 11 | 2 1 6 2 Hover . | . . . . Flight . | . . . . Utility 12 | 4 . 8 . Device 5 | 2 . 3 . Storage 1 | . . 1 . Processor 4 | 2 . 2 . Hackware 1 | . . 1 . Protection 1 | . . 1 . Artifact . | . . . . Weapon 20 | 2 6 10 2 Energy Gun 8 | 2 2 4 . Energy Cannon . | . . . . Ballistic Gun 12 | . 4 6 2 Ballistic Cannon . | . . . . Launcher . | . . . . Special Weapon . | . . . . Impact Weapon . | . . . . Slashing Weapon . | . . . . Piercing Weapon . | . . . . Special Melee Weapon . | . . . . Unidentified Prototypes 1 | . . 1 . Parts Lost 17 | . 2 7 8 Power 3 | . . 1 2 Propulsion 6 | . 1 2 3 Utility 2 | . . 1 1 Weapon 6 | . 1 3 2 Highest Loss Streak 6 | . 2 4 6 Average Slot Usage (%) 97 | . 95 99 93 Engine 11 | . 14 10 8 Wheel 22 | . 23 21 20 Device 15 | . 14 16 11 Storage 4 | . . 5 11 Processor 13 | . 14 13 9 Hackware 4 | . . 5 11 Protection 1 | . . 2 . Energy Gun 7 | . 15 5 . Ballistic Gun 15 | . 12 16 21 Naked Turns . | . . . . Heaviest Build 30 | 9 9 30 30 Greatest Support 26 | 20 20 26 24 Greatest Overweight (x) 1 | . . 1 1 Average Overweight (x) . | . . . . Largest Inventory Capacity 10 | 4 4 10 10 Average Capacity 6 | 4 4 7 10 Most Carried 10 | 4 4 10 10 Average Carried 6 | 2 3 7 9 Final Capacity 10 | 4 4 10 10 Final Carried 10 | 4 4 10 7 Class Distribution -------------------- 48% | Mutant 24% | Scavenger-Mutant 23% | Scavenger-Skirmisher 4% | Skirmisher Dominant Class ---------------- Scavenger-Mutant | -10/Materials Mutant | -9/Materials Mutant | -9/Mines Resources | -11 -10 -9 -9 ----------- Run | Scr Mat Mat Min Matter Collected 1713 | 280 167 1051 215 Remotely . | . . . . Salvage Created 2596 | 176 281 1748 391 Parts 169 | 16 30 107 16 Haulers Intercepted 6 | . 1 5 . Recyclers Shooed 2 | . 1 . 1 Parts Field Recycled . | . . . . Retrieved Matter . | . . . . Parts Self-Destructed . | . . . . Prevented . | . . . . Kills | -11 -10 -9 -9 ------- Run | Scr Mat Mat Min Combat Hostiles Destroyed 53 | . 8 31 14 Guns 52 | . 8 30 14 AOE 1 | . . 1 . Classes Destroyed 11 | 3 4 3 1 Worker 7 | 2 . 3 2 Builder 1 | . . 1 . Tunneler 4 | 4 . . . Hauler 6 | . 1 5 . Recycler 3 | 1 . . 2 Operator 1 | . . 1 . Watcher 7 | . 2 5 . Swarmer 13 | . 6 3 4 Grunt 22 | . 2 20 . Sentry 8 | . . 8 . Assembled 10 | . . . 10 Best Kill Streak 10 | 7 3 5 10 Combat Bots Only 10 | . 3 5 10 Max Kills in Single Turn 2 | 1 1 2 2 Gunslinging 1 | . . 1 1 Exploded 1 | . . 1 . Melee . | . . . . Uniques/NPCs Destroyed . | . . . . Combat | -11 -10 -9 -9 -------- Run | Scr Mat Mat Min Damage Taken 2439 | . 419 1313 707 Core 512 | . 111 280 121 Absorbed by Shields . | . . . . Core Remaining (%) 77 | 100 55 . . Volleys Fired 227 | 11 33 149 34 Largest 2 | 2 2 2 2 Hottest 90 | 90 90 88 46 Shots Fired 441 | 22 65 286 68 Gun 441 | 22 65 286 68 Cannon . | . . . . Launcher . | . . . . Special . | . . . . Kinetic 336 | . 23 245 68 Thermal 105 | 22 42 41 . Explosive . | . . . . Electromagnetic . | . . . . Robot Hit Streak 13 | 6 5 13 12 Robot Miss Streak 7 | 1 4 4 7 Penetration Max . | . . . . Secondary Targets 8 | . 1 4 3 Max Gunslinging Chain 1 | . 1 1 1 Shots Hit Robots 290 | 15 34 203 38 Core Hits 119 | 8 16 70 25 Critical Hits 1 | . . . 1 Critical Kills 1 | . . . 1 Critical Parts Destroyed . | . . . . Melee Attacks . | . . . . Impact . | . . . . Slashing . | . . . . Piercing . | . . . . Sneak Attacks . | . . . . Combat Hostiles . | . . . . Follow-up Attacks . | . . . . Damage Inflicted 4167 | 195 430 2927 615 Guns 4069 | 195 430 2829 615 Cannons . | . . . . Explosions 98 | . . 98 . Melee . | . . . . Ramming . | . . . . Kinetic 3075 | . 97 2363 615 Thermal 994 | 195 333 466 . Explosive . | . . . . Electromagnetic 98 | . . 98 . Impact . | . . . . Slashing . | . . . . Piercing . | . . . . Highest Corruption 3 | . . . 3 Average Corruption 3 | . . . 3 Corruption Purged . | . . . . Effects 1 | . . . 1 Data Loss (minor) 1 | . . . 1 Overload Shots . | . . . . Overflow Damage . | . . . . Projectiles . | . . . . Explosions . | . . . . Melee . | . . . . Knockbacks . | . . . . Impact . | . . . . Kinetic . | . . . . Secondary . | . . . . Self-Inflicted Damage 31 | . . 31 . Shots 1 | . . 1 . Rammed . | . . . . Targets Rammed . | . . . . Kicked . | . . . . Crushed . | . . . . Highest Temperature 213 | 90 204 213 7 Average Temperature 44 | 34 61 41 7 Received Heat Transfer 745 | . 108 537 100 Siege Activations . | . . . . Robots Corrupted . | . . . . Combat Hostiles . | . . . . Parts Fried . | . . . . Impact Corruptions . | . . . . Robots Melted . | . . . . Combat Hostiles . | . . . . Parts Melted 5 | 3 . 2 . Heat Transferred 2390 | 484 833 1073 . Parts Sabotaged . | . . . . Parts Stolen . | . . . . Parts Stripped . | . . . . Power Chain Reactions . | . . . . Missiles Intercepted . | . . . . Alert | -11 -10 -9 -9 ------- Run | Scr Mat Mat Min Peak Influence 456 | 35 266 456 297 Initial 177 | . 22 42 177 Average 166 | 11 113 181 257 Maximum Alert Level 2 | . 1 2 1 Low Security (%) 69 | 100 95 65 20 Level 1 28 | . 4 31 79 Level 2 1 | . . 2 . Level 3 . | . . . . Level 4 . | . . . . Level 5 . | . . . . High Security . | . . . . Max Security . | . . . . Squads Dispatched 6 | . . 6 . Investigation 2 | . . 2 . Extermination . | . . . . Reinforcement 4 | . . 4 . Assault . | . . . . Garrison . | . . . . Intercept . | . . . . Construction Impeded . | . . . . Haulers Reinforced . | . . . . Stealth | -11 -10 -9 -9 --------- Run | Scr Mat Mat Min Distress Signals 5 | . 1 3 1 Communications Jammed . | . . . . Distress Signals . | . . . . Times Spotted 96 | . 17 58 21 Peak Tracking Total 18 | . 5 4 18 Tactical Retreats 5 | . . 4 1 Traps | -11 -10 -9 -9 ------- Run | Scr Mat Mat Min Traps Triggered 1 | . . 1 . Indirectly . | . . . . Trap Hack Attempts . | . . . . Triggered . | . . . . Disarmed . | . . . . Reprogrammed . | . . . . Reused . | . . . . Traps Extracted . | . . . . Installed . | . . . . Triggered . | . . . . Machines | -11 -10 -9 -9 ---------- Run | Scr Mat Mat Min Machines Disabled 2 | . . 2 . Max in Single Turn 1 | . . 1 . Machines Sabotaged . | . . . . Garrisons Compromised . | . . . . Overloaded Fab Kills . | . . . . Fab Network Shutdowns . | . . . . Hacking | -11 -10 -9 -9 --------- Run | Scr Mat Mat Min Machines Accessed 18 | . 10 8 . Terminals 13 | . 8 5 . Fabricators . | . . . . Repair Stations 2 | . 1 1 . Recycling Units 2 | . 1 1 . Scanalyzers 1 | . . 1 . Garrison Access . | . . . . Total Hacks 70 | . 35 35 . Successful 49 | . 21 28 . Failed 21 | . 14 7 . Catastrophic 1 | . . 1 . Database Lockouts . | . . . . Manual 50 | . 28 22 . Terminals 56 | . 27 29 . Fabricators . | . . . . Repair Stations 8 | . 5 3 . Recycling Units 5 | . 3 2 . Scanalyzers 1 | . . 1 . Garrison Access . | . . . . Terminal Hacks 17 | . 3 14 . Robot Analysis 1 | . . 1 . Prototype ID Bank 4 | . 1 3 . Terminal Index 2 | . 1 1 . Alert Level 5 | . 1 4 . Unreport Threat 1 | . . 1 . Patrol Status 1 | . . 1 . Hauler Manifests 1 | . . 1 . Registered Components 1 | . . 1 . Registered Prototypes 1 | . . 1 . Fabricator Hacks . | . . . . Repair Station Hacks 6 | . 4 2 . Scan Component 3 | . 2 1 . Repair 3 | . 2 1 . Recycling Unit Hacks 2 | . 1 1 . Retrieve Components 2 | . 1 1 . Scanalyzer . | . . . . Garrison Access Hacks . | . . . . Unauthorized Hacks 24 | . 13 11 . Terminals 19 | . 11 8 . Track 2 | . . 2 . Assimilate 4 | . 3 1 . Botnet 10 | . 6 4 . Disrupt 1 | . 1 . . Operators 2 | . 1 1 . Fabricators . | . . . . Repair Stations 2 | . 1 1 . Mechanics 2 | . 1 1 . Recycling Units 2 | . 1 1 . Reject 2 | . 1 1 . Scanalyzers 1 | . . 1 . Extract 1 | . . 1 . Garrison Access . | . . . . Data Cores Recovered . | . . . . Used . | . . . . Hacking Detections 15 | . 9 6 . Full Trace Events . | . . . . Feedback Events . | . . . . Feedback Blocked . | . . . . Robot Schematics Acquired . | . . . . Robots Built . | . . . . Matter . | . . . . Time . | . . . . Total Robot Build Rating . | . . . . Part Schematics Acquired 5 | . . 5 . Parts Built . | . . . . Matter . | . . . . Time . | . . . . Total Part Build Rating . | . . . . Parts Repaired 3 | . 2 1 . Time 84 | . 58 26 . Parts Recycled . | . . . . Recycled Matter . | . . . . Retrieved Matter . | . . . . Retrieved Components 19 | . 10 9 . Parts Scanalyzed . | . . . . Part Schematics Acquired . | . . . . Parts Damaged . | . . . . Bothacking | -11 -10 -9 -9 ------------ Run | Scr Mat Mat Min Used RIF Installer . | . . . . Robots Hacked . | . . . . Non-combat . | . . . . Combat . | . . . . Robot Hacks Applied . | . . . . Relay Couplers Released . | . . . . Robots Rewired . | . . . . Allies Hacked . | . . . . Hacks Repelled . | . . . . Allies | -11 -10 -9 -9 -------- Run | Scr Mat Mat Min Total Allies 3 | . 2 1 . Largest Group 3 | . 2 3 . Highest-Rated Group 30 | . 20 30 . Highest-Rated Ally 10 | . 10 10 . Total Orders . | . . . . Ally Attacks . | . . . . Total Damage . | . . . . Kills . | . . . . Allies Corrupted . | . . . . Allies Melted . | . . . . Intel | -11 -10 -9 -9 ------- Run | Scr Mat Mat Min Robot Analysis Total 1 | . . 1 . Derelict Logs Recovered 1 | . . . 1 Drone Launches . | . . . . Drone Recoveries . | . . . . Exploration | -11 -10 -9 -9 ------------- Run | Scr Mat Mat Min Turns Passed 3437 | 115 789 2226 307 Spaces Moved 2614 | 78 688 1690 158 Core 1 | 1 . . . Treads . | . . . . Legs . | . . . . Wheels 2613 | 77 688 1690 158 Hover . | . . . . Flight . | . . . . Fastest Speed 50 | 50 80 80 90 Average Speed 89 | 79 80 93 98 Slowest Speed 100 | 80 80 100 100 Overloaded Moves . | . . . . Propulsion Burnouts . | . . . . Robots Hopped . | . . . . Cave-ins Triggered . | . . . . Exploration Rate (%) 50 | 3 87 84 26 Regions Visited 3 Branch Regions 1 Pre-discovered Areas 1 | . . . 1 Known Exits Taken 1 | . . 1 . Unknown Exits Taken 2 | 1 1 . . Scrap Searched 1 | . . . 1 Spaces Dug . | . . . . Terrain Destroyed . | . . . . Melee . | . . . . Projectile . | . . . . AOE . | . . . . Terrain Rammed . | . . . . Walls Destroyed . | . . . . Machines Disabled . | . . . . Actions | -11 -10 -9 -9 --------- Run | Scr Mat Mat Min Total 3306 | 109 867 2087 243 Wait 336 | 1 124 166 45 Move 2611 | 77 687 1689 158 Hop . | . . . . Pick Up 35 | 7 2 25 1 Fast Attach 17 | 7 1 8 1 Attach 11 | . 1 6 4 Detach . | . . . . Swap 26 | 2 10 14 . Drop 43 | 4 9 30 . Fire 227 | 11 33 149 34 Melee . | . . . . Ram . | . . . . Kick . | . . . . Crush . | . . . . Escape Stasis . | . . . . Rewire . | . . . . Trap . | . . . . Miscellaneous . | . . . . Route ------- -11/Scrapyard -10/Materials (discovered 4 exits: *Mat x3 / [*Min]) -9/Materials (discovered 5 exits: [*Mat x3] / *Min x2) -9/Mines History --------- Turn | Location | Event 19 | -11/Scrapyard | Discovered new exit (range 16) 116 | -11/Scrapyard | Entered Materials 298 | -10/Materials | Discovered new exit (range 8) 487 | -10/Materials | Discovered new exit (range 15) 530 | -10/Materials | Build established: Scavenger-Mutant 579 | -10/Materials | Discovered new exit (range 13) 621 | -10/Materials | Repaired Particle Gun 649 | -10/Materials | Repaired Sml. Laser 670 | -10/Materials | Discovered new exit (range 12) 905 | -10/Materials | Entered another Materials area 905 | -9/Materials | Accompanied by 2 allies 905 | -9/Materials | Evolved 2 slots: Utility x2 1038 | -9/Materials | Repaired Wheel 1139 | -9/Materials | Discovered new exit (range 7) 1215 | -9/Materials | Build established: Scavenger-Skirmisher 1515 | -9/Materials | Discovered new exit (range 7) 1584 | -9/Materials | Identified exit to Mines 1705 | -9/Materials | Lost 4 parts (1p2n1u) 1718 | -9/Materials | Discovered new exit (range 16) 2284 | -9/Materials | Discovered new exit (range 6) 2292 | -9/Materials | Build established: Mutant 2569 | -9/Materials | Core integrity fell below 50% 2702 | -9/Materials | Discovered new exit (range 5) 3131 | -9/Materials | Entered Mines 3169 | -9/Mines | Met a Derelict bent on vengeance 3200 | -9/Mines | Core integrity fell below 20% 3256 | -9/Mines | Learned location of Zion (-6) 3363 | -9/Mines | Assembled infested the area 3438 | -9/Mines | Destroyed by as-66542 with Assembled Heavy Rifle Last Messages --------------- 03400_ Switching to secondary target: as-17213. 03400_ as-17213 destroyed. 03401_ Acquired 15 matter. 03403_ as-63376 destroyed. 03404_ Acquired 16 matter. 03404_ Imp. Assault Rifle destroyed. 03416_ as-64429 destroyed. 03417_ Acquired 18 matter. 03417_ Arm. Wheel destroyed. 03419_ as-31086 destroyed. 03420_ Acquired 15 matter. 03422_ as-67055 destroyed. 03423_ Acquired 11 matter. 03425_ as-94978 suffers critical hit. 03425_ as-94978 destroyed. 03426_ Acquired 10 matter. 03427_ Arm. Wheel destroyed. 03431_ as-83722 destroyed. 03432_ Acquired 12 matter. 03433_ System corrupted: Component data lost. Map ----- +----------------------------------------------------+ | ??????????????????????????????????????????????? | | ??????????????????????????????????????????????? | | ??????????????????????? ??????????????????????? | | ??????????????????????? #?????????????????????? | | ??????????????????????? #????????????????????? | | ??????????????????????? ????????????????????? | | ??????????????????????? ????????????????????? | | ??????????????????????? ????????????????????? | | ??????????????????????? ????????????????????? | | ??????????????????????# #????????????????????? | | ?????????????????????## ##???????????????????? | | ??????????????????#### ##??????????????????? | | ?????????????????## ###??????##????????? | | ?????????????????? ?????? ????????? | | ??????????????????? ????? #?????????? | | ????????????????????# ?????% #?????????? | | ?????????????????????# #?????%= ##????????? | | ??????????????????????# #????? ###??????? | | ??????????????????????# ##### #?????? | | ??????????????????##### # % ?????? | | ??????????????????# % a ?????? | | ??????????????????# #####a### ?????? | | ????????????????????????#a#???? #?????? | | ????????????????????????#a#?????? #??????? | | ????????????????????????#a#???????? #???????? | | ????????????????????????#@#??????????##???????? | | ????????????????????????# #???????????????????? | | ????????????????????????#r#???????????????????? | | ????????????????????????#r####????????????????? | | ???????????????????????## ##???????????????? | | ???????????????????????# ##??????????????? | | ???????????????????????#* ! #??????????????? | | ???????????????????????# = ## #??????????????? | | ??????????????????????## #####??????????????? | | ????????????????????### #??????????????????? | | ???????????????????## #??????????????????? | | ???????????????????# ##???###?####???????? | | ???????????????????# ##???## ## ##??????? | | ???????????????????# #???## #??????? | | ???????????????????# ##??# ##?????? | | ???????????????????## #### ##????? | | ????????????????????## ### ### #????? | | ?????????????????????## ##????## #????? | | ??????????????????????## ######### ##????? | | ???????????????????????## #?## #?????? | | ????????????????????????## ###### #??# #?????? | | ?????????????????????????# #????# #??# #?????? | | ?????????????????????????# #????# #### #?????? | | ?????????????????????????# #????# #?????? | | ?????????????????????????# #????### ####?????? | +----------------------------------------------------+ Best States ------------- Heat Dissipation 28 Energy Generation 12 Energy Capacity 265 Matter Stores 300 Matter Capacity 300 Sight Range 16 Robot Scan Range 13 Terrain Scan Range 16 Terrain Scan Density 60 Armor Coverage 150 Evasion (%) 44 Offensive Hacking 10 Item Schematics ----------------- Structural Scanner | -9/Materials | Extracted Particle Gun | -9/Materials | Extracted Disposable Heat Sink | -9/Materials | Extracted Spread Laser | -9/Materials | Extracted Hvy. EM Pulse Gun | -9/Materials | Extracted Robot Schematics ------------------ None Fabricated ------------ Nothing Alien Tech Used ----------------- None Achievements -------------- None Challenges ------------ None Game ------ Seed AngularBarrageFlail Manual? 0 Play Time 00:24:21 Cumulative 53.6 hours Start 2022.02.23 @ 15:25:40 End 2022.02.23 @ 15:48:50 Sessions 1 Manual Loads 0 Difficulty Rogue Special Mode None Game No. 102 Rogue 102 Adventurer 0 Explorer 0 Win Type - Total 0 Types 0/0/0/0/0/0/0/0/0 Lore% 55 Gallery% 56 Achievement% 42 Wizard Run 0 Options --------- ASCII 0 Keyboard 1 Movement Numpad Keybinds 0 Fullscreen 1 Font 24/Smallcaps Map View 76x50 Tactical HUD 1 Map Filters NONE Filters NONE Steam 1 RUN: 5dcef0c8-ea2c-41dc-a60a-d3bcb85173b1